 Dungeon Crawl Stone Soup version 0.31-a0-339-gda1cbd555d (webtiles) character file.

Game seed: 6577184643687305484

53 gruber the Digger (level 3, 0/19 HPs)
             Began as a Deep Elf Earth Elementalist on July 20, 2023.
             Slain by an ogre
             ... wielding a +0 giant club
              (19 damage)
             ... on level 4 of the Dungeon.
             The game lasted 00:01:47 (1967 turns).

gruber the Digger (Deep Elf Earth Elementalist)     Turns: 1967, Time: 00:01:48

Health: 0/19       AC:  2    Str:  5    XL:     3   Next: 62%
Magic:  8/9        EV: 12    Int: 21    God:
Gold:   177        SH:  0    Dex: 15    Spells: 4/8 levels left

rFire   . . .        (no weapon)
rCold   . . .        (no shield)
rNeg    + . .        a - +0 robe
rPois   .            (no helmet)
rElec   .            (no cloak)
rCorr   .            (no gloves)
SInv    .            (no boots)
Will    .....        c - amulet of magic regeneration
Stlth   ++           i - ring of positive energy
HPRegen 0.23/turn    (no ring)
MPRegen 0.51/turn

%: no passive effects
@: no status effects
A: no striking features
a: no special abilities


You were on level 4 of the Dungeon.
You visited 1 branch of the dungeon, and saw 4 of its levels.

You collected 177 gold pieces.

Inventory:

Armour
 a - a +0 robe (worn)
 n - an orb of guile
Jewellery
 c - an amulet of magic regeneration (around neck)
 i - a ring of positive energy (left hand)
Scrolls
 d - 2 scrolls of enchant weapon {unknown}
 e - 2 scrolls of identify {unknown}
 j - a scroll of fog {unknown}
 k - a scroll of revelation {unknown}
 l - a scroll of immolation {unknown}
 m - a scroll of amnesia {unknown}
 o - a scroll of butterflies {unknown}
 p - a scroll of blinking {unknown}
Potions
 b - 2 potions of magic
 f - a potion of mutation {unknown}
 g - 2 potions of haste {unknown}
 h - a potion of degeneration {unknown}
 q - a potion of invisibility {unknown}


   Skills:
 - Level 2.4 Dodging
 - Level 2.4 Stealth
 * Level 3.3 Spellcasting
 - Level 1.1 Transmutations
 - Level 5.0 Earth Magic


You had 4 spell levels left.
You knew the following spells:

 Your Spells              Type           Power      Damage    Failure   Level
a - Sandblast             Erth           48%        2d12      1%          1
b - Stone Arrow           Conj/Erth      28%        3d8       14%         3

Your spell library contained the following spells:

 Spells                   Type           Power      Damage    Failure   Level
 Passwall                 Tmut/Erth      13%        N/A       5%          2
 Petrify                  Tmut/Erth      16%        N/A       36%         4


Dungeon Overview and Level Annotations

Branches:
Dungeon (4/15)
 Temple: D:4-7

Altars:

Annotations:
D:2 Sigmund


Message History

You now have 165 gold pieces (gained 12).
Found 8 stones.
A goblin comes into view. It is wielding a +0 dagger.
The goblin shouts!
A goblin is nearby!
A goblin is nearby!
A goblin is nearby!
The blast of sand hits the goblin!
You kill the goblin!
A worm comes into view.
The blast of sand hits the worm!
The worm is almost dead.
The blast of sand hits the worm!
You kill the worm!
You see here a worm corpse.
Things that are here:
a +0 dagger; a goblin corpse You now have 177 gold pieces (gained 12).
Done exploring.
Done exploring.
Done exploring.
Done exploring.
(D) Dungeon
Where to? (Enter - D:3, ? - help)
There is a stone staircase leading down here.
You climb downwards.
The ogre shouts!
Found a mace, a bubbling brown potion and 11 gold pieces.
There is a stone staircase leading up here.
An ogre is nearby!
An ogre is nearby!
An ogre is nearby!
The blast of sand hits the ogre!
The ogre is moderately wounded.
The ogre closely misses you.
The blast of sand hits the ogre!
The ogre is severely wounded.
The ogre hits you with a +0 giant club!!
Ouch! That really hurt!
You die...

## ## #. .# #.
.# #. !# #. .#
#####.#.#
#)...O@.#
#.####.....≈..
#.##..≈.≈ #.#
.... $.# ≈≈≈
#.# .. ### #


You could see an ogre.

Vanquished Creatures
  2 dart slugs (D:2)
  2 worms
  5 ball pythons
  5 endoplasms
  2 giant cockroaches (D:1)
  2 goblins
  3 hobgoblins
  2 jackals (D:2)
  5 bats
  3 frilled lizards
  4 kobolds
  11 rats
46 creatures vanquished.

Notes
Turn   | Place    | Note
-------+----------+-------------------------------------------
     0 | D:1      | gruber the Deep Elf Earth Elementalist began the quest for
                  | the Orb.
     0 | D:1      | Reached XP level 1. HP: 10/10 MP: 6/6
    11 | D:1      | Found a faded altar of an unknown god.
   382 | D:1      | Reached XP level 2. HP: 15/15 MP: 6/8
   502 | D:1      | Reached skill level 4 in Earth Magic
  1153 | D:2      | Reached XP level 3. HP: 19/19 MP: 6/9
  1250 | D:2      | Noticed Sigmund
  1257 | D:2      | Learned a level 3 spell: Stone Arrow
  1685 | D:3      | Reached skill level 5 in Earth Magic
  1965 | D:4      | Noticed an ogre
  1967 | D:4      | Slain by an ogre

Illustrated notes

Levels and vault maps discovered:
D:1:      amcnicky_arrival_wind_blow, layout_basic,
          ebering_ecumenical_altar_webs, chequers_serial_rivers_micro_d
D:2:      layout_rooms, amcnicky_mini_rare_corridor_liquid, minivault_24,
          uniq_sigmund
D:3:      layout_loops_cross
D:4:      layout_basic, mainiacjoe_overflow_cross_hatched,
          biasface_ghost_orc_armoury, nicolae_goblin_pals

Skill      XL: |  1  2  3 |
---------------+----------+-----
Earth Magic    | 4 5 |  5.0
Dodging        | |  2.4
Stealth        | |  2.4
Spellcasting   | |  3.3
Transmutations | |  1.1

Action                     || total
---------------------------++-------
  Melee: Unarmed           ||     1
   Cast: Sandblast         ||    60
 Armour: Robe              ||     1
  Dodge: Dodged            ||     9

Table legend: (Time is in decaauts)
 A = Elapsed time spent in this place.
 B = Non-inter-level travel time spent in this place.
 C = Inter-level travel time spent in this place.
 D = Time resting spent in this place.
 E = Time spent auto-exploring this place.
 F = Levels seen in this place.
 G = Mean time per level.
                   A        B        C        D        E       F      G
               +--------+--------+--------+--------+--------+-----+--------+
         Total |   1995 |   1934 |     61 |      0 |   1636 |   4 |  498.8 |
       Dungeon |   1995 |   1934 |     61 |      0 |   1636 |   4 |  498.8 |
               +--------+--------+--------+--------+--------+-----+--------+

Top non-repeatable levels by time:
     D:1: 903 daAuts
     D:3: 564 daAuts
     D:2: 525 daAuts
     D:4: 2 daAuts
